cohdb
Replays
Latest Replays
All Replays
Popular Replays
Top Player Replays
Match Explorer
How It Works
Community
CoH3 Stats
Reddit
Sign in to upload your games and track your stats! →
Sign in with Steam
Match 27809084
Unlisted
Match 27809084
Overview
Messages
Build Orders
End
Kradschützen Motorcycle Team
Panzergrenadier Squad
Selects Italian Infantry
Panzergrenadier Squad
Panzergrenadier Squad
Construct Light Support Kompanie
MG34 Team
Fire Support Elements
le.IG 18 Mechanized Group
2.5-tonne Medical Truck
Selects Defensive Operations
Construct Panzerarmee Kommand
Selects Guastatori Squad
Guastatori Squad
Panzer III L Medium Tank
Selects Registered Artillery
Selects Prepared Positions
Imperial Sage
daaadaaczzz
spec
Ragnar Lothbrok
iAinEng
Cupo
ItsEnough
xtsh2004
0
0
Comments
sign in to comment!
No comments posted yet!